TOP OF THE 1ST |
Georgetown Hoyas batting - Pitching for Iowa Hawkeyes : RHP Steve Bigham
|
Pitching: RHP Steve Bigham
|
|
Batting: LHB Chris Smith
|
0-0: Foul Ball, location: 2F 0-1: Ball 1-1: Foul Ball, location: 2F 1-2: SINGLE (Groundball, 4MD)
|
Batting: LHB José De La Cruz
|
0-0: Called Strike 0-1: Ball 1-1: Swinging Strike 1-2: Foul Ball, location: 2F 1-2: Strikes out swinging
|
Batting: RHB Hubert MacDonald
|
0-0: Swinging Strike 0-1: Ball 1-1: Foul Ball, location: 2F 1-2: Ball 2-2: 2-RUN HOME RUN (Flyball, 9LD), Distance : 337 ft
|
Batting: RHB Glenn Rojas
|
0-0: Called Strike 0-1: Swinging Strike 0-2: Strikes out swinging
|
Batting: LHB Felipe Rivera
|
0-0: Ball 1-0: Called Strike 1-1: Fly out, F9 (Flyball, 89M)
|
Top of the 1st over - 2 run(s), 2 hit(s), 0 error(s), 0 left on base; Georgetown 2 - Iowa 0 |
BOTTOM OF THE 1ST |
Iowa Hawkeyes batting - Pitching for Georgetown Hoyas : RHP Jon Jenkins
|
Pitching: RHP Jon Jenkins
|
|
Batting: SHB Travis Martin
|
0-0: Swinging Strike 0-1: Fly out, F7 (Flyball, 7LM)
|
Batting: RHB Daryl Hale
|
0-0: Ball 1-0: Swinging Strike 1-1: Ball 2-1: Foul Ball, location: 2F 2-2: Foul Ball, location: 2F 2-2: Foul Ball, location: 2F 2-2: Ball 3-2: Base on Balls
|
Batting: RHB Mike Russell
|
0-0: Ball 1-0: Foul Ball, location: 2F 1-1: Swinging Strike 1-2: Strikes out swinging
|
Batting: RHB Alexander Barr
|
0-0: Called Strike 0-1: Ball 1-1: Ball 2-1: Fly out, F9 (Flyball, 9LS)
|
Bottom of the 1st over - 0 run(s), 0 hit(s), 0 error(s), 1 left on base; Georgetown 2 - Iowa 0 |
TOP OF THE 2ND |
Georgetown Hoyas batting - Pitching for Iowa Hawkeyes : RHP Steve Bigham
|
Batting: RHB John Stewart
|
0-0: Called Strike 0-1: Swinging Strike 0-2: Ball 1-2: Strikes out looking
|
Batting: RHB James Anderson
|
0-0: Swinging Strike 0-1: Ball 1-1: Foul Ball, location: 2F 1-2: SINGLE (Line Drive, 8LS)
|
Batting: LHB Matt McCormick
|
0-0: Ball 1-0: Foul Ball, location: 2F 1-1: Fly out, F7 (Popup, 6D)
|
Batting: LHB Preston Leach
|
0-0: Ball 1-0: Ground out 1-3 (Groundball, 13S)
|
Top of the 2nd over - 0 run(s), 1 hit(s), 0 error(s), 1 left on base; Georgetown 2 - Iowa 0 |
BOTTOM OF THE 2ND |
Iowa Hawkeyes batting - Pitching for Georgetown Hoyas : RHP Jon Jenkins
|
Batting: RHB Juan Escalante
|
0-0: Ball 1-0: Ball 2-0: Called Strike 2-1: Foul Ball, location: 2F 2-2: Ball 3-2: Base on Balls
|
Batting: RHB Vincent Powers
|
0-0: Ball 1-0: Called Strike 1-1: Ball 2-1: Ball 3-1: Base on Balls Juan Escalante to second
|
Batting: RHB Cory Thompson
|
0-0: Ball 1-0: Foul Ball, location: 2F 1-1: Ball 2-1: Grounds into double play, 1-6-3 (Groundball, 15) Juan Escalante to third
|
Batting: RHB John Boyer
|
0-0: Swinging Strike 0-1: Called Strike 0-2: TRIPLE (Line Drive, 89D) Juan Escalante scores
|
Batting: RHB Ed Nygaard
|
0-0: Swinging Strike 0-1: Called Strike 0-2: Strikes out swinging
|
Bottom of the 2nd over - 1 run(s), 1 hit(s), 0 error(s), 1 left on base; Georgetown 2 - Iowa 1 |
TOP OF THE 3RD |
Georgetown Hoyas batting - Pitching for Iowa Hawkeyes : RHP Steve Bigham
|
Batting: LHB Chris Smith
|
0-0: Foul Ball, location: 2F 0-1: Ball 1-1: Ball 2-1: Ball 3-1: Base on Balls
|
Batting: LHB José De La Cruz
|
0-0: Called Strike 0-1: Called Strike 0-2: Strikes out swinging
|
Batting: RHB Hubert MacDonald
|
0-0: Swinging Strike 0-1: Foul Ball, location: 2F 0-2: Strikes out swinging
|
Batting: RHB Glenn Rojas
|
0-0: Foul Ball, location: 2F 0-1: Foul Ball, location: 2F 0-2: Ball 1-2: Ball 2-2: Ball 3-2: Strikes out swinging
|
Top of the 3rd over - 0 run(s), 0 hit(s), 0 error(s), 1 left on base; Georgetown 2 - Iowa 1 |
BOTTOM OF THE 3RD |
Iowa Hawkeyes batting - Pitching for Georgetown Hoyas : RHP Jon Jenkins
|
Batting: SHB Travis Martin
|
0-0: Ball 1-0: Ball 2-0: Called Strike 2-1: Ball 3-1: Base on Balls
|
Batting: RHB Daryl Hale
|
0-0: Called Strike 0-1: Ball 1-1: SINGLE (Groundball, 25) (infield hit) Travis Martin to second
|
Batting: RHB Mike Russell
|
0-0: Foul Ball, location: 2F 0-1: Ball 1-1: Called Strike 1-2: Ball 2-2: Foul Ball, location: 2F 2-2: Strikes out swinging
|
Batting: RHB Alexander Barr
|
0-0: Called Strike 0-1: Ball 1-1: Swinging Strike 1-2: Strikes out looking
|
Batting: RHB Juan Escalante
|
0-0: SINGLE (Groundball, 34D) (infield hit) Travis Martin to third Daryl Hale to second
|
Batting: RHB Vincent Powers
|
0-0: Fly out, F2 (Popup, 2RF)
|
Bottom of the 3rd over - 0 run(s), 2 hit(s), 0 error(s), 3 left on base; Georgetown 2 - Iowa 1 |
TOP OF THE 4TH |
Georgetown Hoyas batting - Pitching for Iowa Hawkeyes : RHP Steve Bigham
|
Batting: LHB Felipe Rivera
|
0-0: Fly out, F8 (Flyball, 8RM)
|
Batting: RHB John Stewart
|
0-0: Ball 1-0: Foul Ball, location: 2F 1-1: Ball 2-1: Ball 3-1: Base on Balls
|
Batting: RHB James Anderson
|
0-0: Called Strike 0-1: Ball 1-1: Ball 2-1: Foul Ball, location: 2F 2-2: Strikes out looking
|
Batting: LHB Matt McCormick
|
0-0: Called Strike 0-1: Foul Ball, location: 2F 0-2: Ball 1-2: Strikes out swinging
|
Top of the 4th over - 0 run(s), 0 hit(s), 0 error(s), 1 left on base; Georgetown 2 - Iowa 1 |
BOTTOM OF THE 4TH |
Iowa Hawkeyes batting - Pitching for Georgetown Hoyas : RHP Jon Jenkins
|
Batting: RHB Cory Thompson
|
0-0: Called Strike 0-1: Ball 1-1: SOLO HOME RUN (Flyball, 8LXD), Distance : 410 ft
|
Batting: RHB John Boyer
|
0-0: SINGLE (Groundball, 6M)
|
Batting: RHB Ed Nygaard
|
0-0: Ball 1-0: Swinging Strike 1-1: Swinging Strike 1-2: Ball 2-2: Strikes out swinging
|
Batting: SHB Travis Martin
|
0-0: Called Strike 0-1: Foul Ball, location: 2F 0-2: Foul Ball, location: 2F 0-2: Foul Ball, location: 2F 0-2: 2-RUN HOME RUN (Flyball, 89XD), Distance : 376 ft
|
Batting: RHB Daryl Hale
|
0-0: Called Strike 0-1: Called Strike 0-2: Fly out, F8 (Flyball, 78M)
|
Batting: RHB Mike Russell
|
0-0: Swinging Strike 0-1: Foul Ball, location: 2F 0-2: Strikes out swinging
|
Bottom of the 4th over - 3 run(s), 3 hit(s), 0 error(s), 0 left on base; Georgetown 2 - Iowa 4 |
TOP OF THE 5TH |
Georgetown Hoyas batting - Pitching for Iowa Hawkeyes : RHP Steve Bigham
|
Batting: LHB Preston Leach
|
0-0: Fly out, F5 (Popup, 5F)
|
Batting: LHB Chris Smith
|
0-0: Foul Ball, location: 2F 0-1: Called Strike 0-2: Ground out 5-3 (Groundball, 56)
|
Batting: LHB José De La Cruz
|
0-0: Ball 1-0: Ball 2-0: Ball 3-0: Base on Balls
|
Batting: RHB Hubert MacDonald
|
0-0: Ball 1-0: Ball 2-0: Called Strike 2-1: Fielders Choice at 2nd, U6 (Groundball, 6M)
|
Top of the 5th over - 0 run(s), 0 hit(s), 0 error(s), 1 left on base; Georgetown 2 - Iowa 4 |
BOTTOM OF THE 5TH |
Iowa Hawkeyes batting - Pitching for Georgetown Hoyas : RHP Jon Jenkins
|
Batting: RHB Alexander Barr
|
0-0: Foul Ball, location: 2F 0-1: Ball 1-1: Called Strike 1-2: SINGLE (Groundball, 56) (infield hit)
|
Batting: RHB Juan Escalante
|
0-0: Called Strike 0-1: Ball 1-1: Ball 2-1: Grounds into double play, 5-4-3 (Groundball, 56)
|
Batting: RHB Vincent Powers
|
0-0: Ball 1-0: Ball 2-0: SOLO HOME RUN (Flyball, 8LXD), Distance : 410 ft
|
Batting: RHB Cory Thompson
|
0-0: Foul Ball, location: 2F 0-1: Ground out 6-3 (Groundball, 6M)
|
Bottom of the 5th over - 1 run(s), 2 hit(s), 0 error(s), 0 left on base; Georgetown 2 - Iowa 5 |
TOP OF THE 6TH |
Georgetown Hoyas batting - Pitching for Iowa Hawkeyes : RHP Steve Bigham
|
Batting: RHB Glenn Rojas
|
0-0: Called Strike 0-1: Ball 1-1: Ball 2-1: Foul Ball, location: 2F 2-2: Ball 3-2: Base on Balls
|
Pitching: LHP Johnny Clark
|
|
Batting: LHB Felipe Rivera
|
0-0: Called Strike 0-1: Ball 1-1: Foul Ball, location: 2F 1-2: Strikes out swinging
|
Batting: RHB John Stewart
|
0-0: Called Strike Balk! Glenn Rojas to second 0-1: Ball 1-1: Foul Ball, location: 2F 1-2: Ball 2-2: Ball 3-2: Foul Ball, location: 2F 3-2: Strikes out swinging
|
Batting: RHB James Anderson
|
0-0: Ball 1-0: Swinging Strike 1-1: Ball 2-1: Swinging Strike 2-2: Ground out 4-3 (Groundball, 4D)
|
Top of the 6th over - 0 run(s), 0 hit(s), 0 error(s), 1 left on base; Georgetown 2 - Iowa 5 |
BOTTOM OF THE 6TH |
Iowa Hawkeyes batting - Pitching for Georgetown Hoyas : RHP Jon Jenkins
|
Pitching: RHP Don Jones
|
|
Batting: RHB John Boyer
|
0-0: SINGLE (Line Drive, 8RS)
|
Batting: RHB Ed Nygaard
|
0-0: Grounds into double play, 5-4-3 (Groundball, 5)
|
Batting: SHB Travis Martin
|
0-0: Ball 1-0: SINGLE (Groundball, 56) (infield hit)
|
Batting: RHB Daryl Hale
|
0-0: Ball Travis Martin steals 2nd base 1-0: Called Strike 1-1: Ball 2-1: Ball 3-1: Called Strike 3-2: Base on Balls
|
Pitching: LHP Joseph Elliott
|
|
Batting: RHB Mike Russell
|
0-0: Foul Ball, location: 2F 0-1: Swinging Strike 0-2: Foul Ball, location: 2F 0-2: Foul Ball, location: 2F 0-2: Ball 1-2: Ball 2-2: Strikes out swinging
|
Bottom of the 6th over - 0 run(s), 2 hit(s), 0 error(s), 2 left on base; Georgetown 2 - Iowa 5 |
TOP OF THE 7TH |
Georgetown Hoyas batting - Pitching for Iowa Hawkeyes : LHP Johnny Clark
|
Batting: LHB Matt McCormick
|
0-0: Bunt for hit - play at first, batter OUT! 3-4
|
Batting: LHB Preston Leach
|
0-0: Ground out 4-3 (Groundball, 4)
|
Batting: LHB Chris Smith
|
0-0: Fly out, F9 (Flyball, 89M)
|
Top of the 7th over - 0 run(s), 0 hit(s), 0 error(s), 0 left on base; Georgetown 2 - Iowa 5 |
BOTTOM OF THE 7TH |
Iowa Hawkeyes batting - Pitching for Georgetown Hoyas : LHP Joseph Elliott
|
Pitching: RHP Brandon Lee
|
|
Batting: RHB Alexander Barr
|
0-0: Called Strike 0-1: Ball 1-1: Foul Ball, location: 2F 1-2: Fly out, F6 (Line Drive, 6M)
|
Now at SS: Brian Harvey
|
|
Batting: RHB Juan Escalante
|
0-0: Ball 1-0: Ball 2-0: Foul Ball, location: 2F 2-1: Called Strike 2-2: Strikes out swinging
|
Batting: RHB Vincent Powers
|
0-0: Called Strike 0-1: Ball 1-1: Called Strike 1-2: Foul Ball, location: 2F 1-2: Ball 2-2: Strikes out looking
|
Bottom of the 7th over - 0 run(s), 0 hit(s), 0 error(s), 0 left on base; Georgetown 2 - Iowa 5 |
TOP OF THE 8TH |
Georgetown Hoyas batting - Pitching for Iowa Hawkeyes : LHP Johnny Clark
|
Batting: LHB José De La Cruz
|
0-0: Called Strike 0-1: Ball 1-1: Fly out, F7 (Popup, 7S)
|
Pitching: RHP Tom Wilson
|
|
Batting: RHB Hubert MacDonald
|
0-0: Foul Ball, location: 2F 0-1: Foul Ball, location: 2F 0-2: Foul Ball, location: 2F 0-2: Strikes out looking
|
Batting: RHB Glenn Rojas
|
0-0: Called Strike 0-1: Ball 1-1: Foul Ball, location: 2F 1-2: Ball 2-2: Strikes out swinging
|
Top of the 8th over - 0 run(s), 0 hit(s), 0 error(s), 0 left on base; Georgetown 2 - Iowa 5 |
BOTTOM OF THE 8TH |
Iowa Hawkeyes batting - Pitching for Georgetown Hoyas : RHP Brandon Lee
|
Batting: RHB Cory Thompson
|
0-0: Ball 1-0: Swinging Strike 1-1: Foul Ball, location: 2F 1-2: Strikes out looking
|
Batting: RHB John Boyer
|
0-0: Ball 1-0: Ball 2-0: Ball 3-0: Base on Balls
|
Batting: RHB Ed Nygaard
|
0-0: Ball 1-0: Ball 2-0: Called Strike 2-1: Foul Ball, location: 2F 2-2: Ball 3-2: Foul Ball, location: 2F 3-2: Base on Balls John Boyer to second
|
Batting: SHB Travis Martin
|
0-0: Fly out, F7 (Flyball, 7M)
|
Batting: RHB Daryl Hale
|
0-0: Called Strike 0-1: Swinging Strike 0-2: Ball 1-2: Ball 2-2: Ball 3-2: Base on Balls John Boyer to third Ed Nygaard to second
|
Batting: RHB Mike Russell
|
0-0: Ball 1-0: Swinging Strike 1-1: Ball 2-1: Ball Passed Ball! John Boyer scores Ed Nygaard to third Daryl Hale to second 3-1: Foul Ball, location: 2F 3-2: Base on Balls
|
Batting: RHB Alexander Barr
|
0-0: Called Strike 0-1: Ball 1-1: Swinging Strike 1-2: Ball 2-2: Foul Ball, location: 2F 2-2: GRAND SLAM HOME RUN (Flyball, 7LD), Distance : 333 ft
|
Batting: RHB Juan Escalante
|
0-0: Ball 1-0: Ball 2-0: Ball 3-0: Base on Balls
|
Batting: RHB Vincent Powers
|
0-0: Called Strike 0-1: Ball 1-1: SINGLE (Groundball, 56) (infield hit) Juan Escalante to second
|
Batting: RHB Cory Thompson
|
0-0: Called Strike 0-1: Ball 1-1: Ball 2-1: Ball 3-1: Swinging Strike 3-2: Base on Balls Juan Escalante to third Vincent Powers to second
|
Pitching: LHP Ken Bullard
|
|
Batting: RHB John Boyer
|
0-0: Fly out, F7 (Flyball, 7LS)
|
Bottom of the 8th over - 5 run(s), 2 hit(s), 0 error(s), 3 left on base; Georgetown 2 - Iowa 10 |
TOP OF THE 9TH |
Georgetown Hoyas batting - Pitching for Iowa Hawkeyes : RHP Tom Wilson
|
Batting: LHB Felipe Rivera
|
0-0: Ground out U3 (Groundball, 3)
|
Batting: RHB John Stewart
|
0-0: Ball 1-0: Ball 2-0: Ball 3-0: Ground out 4-3 (Groundball, 4)
|
Batting: RHB James Anderson
|
0-0: Bunt for hit - play at first, batter OUT! 5-3
|
Top of the 9th over - 0 run(s), 0 hit(s), 0 error(s), 1 left on base; Georgetown 2 - Iowa 10 |
|